[Event "*** Titled Tuesday 3|2 Blitz"]
[Site "Chess.com"]
[Date "2017.03.07"]
[Round "2"]
[White "GMMarcinDziuba"]
[Black "platy3"]
[Result "1-0"]
[WhiteElo "2462"]
[BlackElo "2575"]
[TimeControl "180+2"]
[EndTime "13:22:43 PST"]
[Termination "GMMarcinDziuba won by checkmate"]

1. d4 Nf6 2. c4 e6 3. Nf3 d5 4. g3 Be7 5. Bg2 O-O 6. O-O dxc4 7.
Qa4 a6 8. Qxc4 b5 9. Qc2 Bb7 10. Bd2 Nbd7 11. Ba5 Nb6 12. Nbd2 Rc8 13. Rac1 c5 14. Qb1 Nfd7 15. dxc5 Rxc5 16. Rxc5 Bxc5 17. Nb3 Qe7 18. Ng5 Qxg5 19. Bxb7 Nc4 20. Bc3 Bb6 21.
Bxa6 Qd5 22. Qd3 Qc6 23. a4 Bxf2+ 24. Rxf2 Qxa6 25. Qxd7 Qxa4 26. Nc5 Qa1+ 27. Rf1 Qa8 28. e4 Ne3 29. Re1 Ng4 30. Qd1 Nh6 31. Qd4 f6 32.
Nxe6 Re8 33. Qd5 Nf7 34. Qxa8 Rxa8 35. Nc7 Rb8 36. b4 Nd6 37. e5 fxe5 38. Bxe5 Nc4 39. Bf4 Rb7 40. h4 Kf7 41. Rd1 Ke7 42. Kf2 h6 43. Rd5 Na3 44. h5 Kf6 45. Rd6+ Kf5 46.
Kf3 Rxc7 47. g4# 1-0

[Event "*** Titled Tuesday 3|2 Blitz"]
[Site "Chess.com"]
[Date "2017.03.07"]
[Round "2"]
[White "FrankieJay"]
[Black "LaStreetCmaMaison"]
[Result "1-0"]
[WhiteElo "2286"]
[BlackElo "2488"]
[TimeControl "180+2"]
[EndTime "13:22:50 PST"]
[Termination "FrankieJay won on time"]

1. e4 e6 2. d4 d5 3. Nc3 Nf6 4.
Bg5 Be7 5. e5 Nfd7 6. h4 O-O 7.
Nf3 c5 8. dxc5 Nc6 9. Bd3 h6 10. Qe2 Nxc5 11. O-O-O Nxd3+ 12. Qxd3 f5 13. Bxe7 Qxe7 14.
Rhe1 b5 15. Qxb5 Bd7 16. Nxd5 Qf7 17. Nf4 Rab8 18. Qd3 Rfd8 19. Qa3 Nb4 20. Rd2 Rdc8 21. Red1 Bc6 22. Kb1 Be4 23. Nd4 Rb6 24. f3 Bd5 25. Nxd5 Nxd5 26. Ka1 Rcb8 27. c4 Nb4 28. Nb5 Ra6 29. Qxb4 Rab6 30. Rd8+ Rxd8 31. Rxd8+ Kh7 32. Qf8 Qb7 33. Qg8+ Kg6 34. Rd6 Rxd6 35. Nxd6 Qb6 36. Qxe6+ Kh7 37. Qxf5+ Kh8 38. Qc8+ Kh7 39. a3 Qg1+ 40.
Ka2 Qxg2 41. Qf5+ Kh8 42. e6 Qe2 43. Qf8+ Kh7 44. Qf5+ Kh8 45. Nf7+ Kg8 46. Ne5 g6 47. Qxg6+ 1-0

[Event "*** Titled Tuesday 3|2 Blitz"]
[Site "Chess.com"]
[Date "2017.03.07"]
[Round "2"]
[White "Zhani-Z"]
[Black "olomi007"]
[Result "1-0"]
[WhiteElo "2311"]
[BlackElo "2472"]
[TimeControl "180+2"]
[EndTime "13:22:51 PST"]
[Termination "Zhani-Z won by resignation"]

1. e4 c5 2. Nf3 Nc6 3. Nc3 g6 4.
d4 cxd4 5. Nxd4 Bg7 6. Nb3 Nf6 7.
Be2 O-O 8. O-O d6 9. Re1 Be6 10. Bg5 Rc8 11. Bf1 Nd7 12. Rb1 Nb6 13. Nd5 Re8 14. c3 Ne5 15. Bb5 Bd7 16. Bxd7 Qxd7 17. Nd4 h6 18. Bh4 g5 19. Bg3 e6 20. Nxb6 axb6 21.
Qh5 Ng6 22. Rbd1 d5 23. e5 Kh7 24. Nf3 Qe7 25. h4 Rh8 26. Nxg5+ Kg8 27. Nf3 Rc4 28. Rd4 b5 29. a3 Qc7 30. Qg4 Ne7 31. Rxc4 Qxc4 32.
Nd4 Nf5 33. Qd1 Nxd4 34. cxd4 h5 35. Re3 Rh6 36. Rc3 Qa2 37. Rc8+ Kh7 38. Qc2+ Rg6 39. Rc7 Kg8 40. Rxb7 Qa1+ 41. Kh2 Qf1 42. Qc7 Kh7 43. Qxf7 Qd3 44. Qf3 Qxd4 45. Qxh5+ Rh6 46. Qg5 Rg6 47. Qh5+ Rh6 48. Qf3 Rg6 49. h5 Rg5 50. Bf4 Rf5 51. g3 Qxb2 52. Kg2 Rf7 53. Rxf7 1-0

[Event "*** Titled Tuesday 3|2 Blitz"]
[Site "Chess.com"]
[Date "2017.03.07"]
[Round "2"]
[White "Izoria123"]
[Black "pKiLz5Rn9b"]
[Result "0-1"]
[WhiteElo "2556"]
[BlackElo "2546"]
[TimeControl "180+2"]
[EndTime "13:22:54 PST"]
[Termination "pKiLz5Rn9b won by checkmate"]

1. Nf3 Nf6 2. c4 e6 3. g3 b6 4. Bg2 Bb7 5. d4 Bb4+ 6. Bd2 c5 7. O-O O-O 8. Bg5 h6 9. Bxf6 Qxf6 10. a3 Ba5 11.
Qa4 Nc6 12. Rd1 Rfd8 13. dxc5 bxc5 14. Nbd2 Rab8 15. Ne4 Qe7 16. Nd6 Ba8 17. Rab1 Bc7 18. Nb5 Bb6 19. e3 d6 20. Rd2 Rd7 21. Rbd1 Rbd8 22.
Nc3 Ba5 23. Rd3 Bxc3 24. Rxc3 Rb8 25. Rd2 Qf6 26. Qc2 Rdb7 27. b3 Na5 28. Rxd6 Rxb3 29.
Rxb3 Nxb3 30. Nd2 Qa1+ 31. Qb1 Qxb1+ 32. Nxb1 Bxg2 33. Kxg2 Kf8 34. Nc3 Na5 35. Ra6 Nxc4 36. Rxa7 Ne5 37. Rc7 Nd3 38. Ne4 Rb2 39. g4 g5 40. Kg3 Rc2 41. a4 f5 42. gxf5 exf5 43.
Nd6 Rxf2 44. a5 h5 45. h4 g4 46. a6 f4+ 47. exf4 Rf3+ 48. Kh2 Nxf4 49. a7 g3+ 50. Kg1 Ne2+ 51. Kg2 Rf2+ 52. Kh3 Rh2# 0-1

[Event "*** Titled Tuesday 3|2 Blitz"]
[Site "Chess.com"]
[Date "2017.03.07"]
[Round "2"]
[White "JSMastropiero"]
[Black "johnathan113"]
[Result "0-1"]
[WhiteElo "2203"]
[BlackElo "2359"]
[TimeControl "180+2"]
[EndTime "13:23:02 PST"]
[Termination "johnathan113 won by resignation"]

1. c4 Nf6 2. Nc3 g6 3. e4 d6 4. d4 Bg7 5. Be2 O-O 6. Bg5 Na6 7. Qd2 e5 8. d5 Nc5 9. f3 a5 10. Bd1 c6 11. Nge2 Bd7 12. Bc2 a4 13. dxc6 Bxc6 14. Rd1 Qb6 15. Qc1 Qb4 16. O-O Rfd8 17. Nd5 Bxd5 18. cxd5 Rdc8 19. Qb1 Nfd7 20. Bd2 Qb6 21.
Be3 Qa6 22. Nc3 b5 23. a3 Rab8 24. Na2 Qb7 25. Nb4 Ra8 26. Rc1 Na6 27. Bd2 Nxb4 28. Bxb4 Bh6 29. Rcd1 Nc5 30. Bd3 Be3+ 31. Kh1 Bd4 32.
Bxc5 dxc5 33. f4 c4 34. Bc2 b4 35. Qc1 c3 36. bxc3 Rxc3 37. fxe5 Bxe5 38. axb4 a3 39. Qg5 f6 40. Rxf6 Bxf6 41. Qxf6 Qg7 42. Qe6+ Kh8 43.
Bb1 h6 44. d6 Rd8 45. d7 Kh7 46. Qe8 Rcc8 47. Qe6 Rc7 48. Ba2 Rcxd7 49. Bd5 a2 50. b5 a1=Q 0-1

[Event "*** Titled Tuesday 3|2 Blitz"]
[Site "Chess.com"]
[Date "2017.03.07"]
[Round "2"]
[White "HouseOfDurin"]
[Black "ABDELAZEEZ-M"]
[Result "0-1"]
[WhiteElo "1862"]
[BlackElo "1991"]
[TimeControl "180+2"]
[EndTime "13:23:02 PST"]
[Termination "ABDELAZEEZ-M won by resignation"]

1. d4 d5 2. c4 c6 3. Nc3 Nf6 4.
Bg5 e6 5. Bxf6 Qxf6 6. cxd5 exd5 7. g3 Bb4 8. Bg2 O-O 9. Nf3 Bf5 10. O-O Nd7 11. a3 Bd6 12. b4 Rfe8 13. h3 a6 14. Re1 g5 15. Qd2 h6 16. Rac1 Nf8 17.
Na4 Ne6 18. Nc5 Bxc5 19. bxc5 g4 20. hxg4 Bxg4 21. Ne5 Bf5 22. f3 Nxd4 23. Nd3 Nb3 24. Qf4 Nxc1 25. Nxc1 Kg7 26. g4 Bg6 27. Qxf6+ Kxf6 28. Kf2 d4 29. f4 Re3 30. f5 Bh7 31. Nd3 h5 32. Rh1 hxg4 33. Rxh7 Rae8 34. Bf1 Kxf5 35. Rxf7+ Kg6 36. Rxb7 Rf8+ 37. Kg2 Rf6 38. Rd7 Re4 39.
Kg3 Re3+ 40. Kg2 g3 41. Rd6 Rxd6 42. cxd6 Kf6 43. d7 Ke7 44. Nc5 Rxa3 45. Kg1 Rc3 46. Ne4 Kxd7 47. Nxc3 dxc3 48. Bh3+ Kd6 49. Bf5 a5 50.
Bc2 Kc5 51. e4 Kd4 52. Kg2 c5 53. Kxg3 a4 54. Bxa4 Kxe4 55. Bc2+ Ke3 56. Kg4 Kd2 57.
Bb3 c2 58. Bxc2 Kxc2 59. Kf4 Kd3 60. Ke5 c4 0-1

[Event "*** Titled Tuesday 3|2 Blitz"]
[Site "Chess.com"]
[Date "2017.03.07"]
[Round "2"]
[White "Alexander_Moskalenko"]
[Black "MaestroASK"]
[Result "1/2-1/2"]
[WhiteElo "2711"]
[BlackElo "2494"]
[TimeControl "180+2"]
[EndTime "13:23:08 PST"]
[Termination "Game drawn by repetition"]

1. d4 d5 2. c4 c6 3. Nf3 Nf6 4. e3 a6 5. Nbd2 Bf5 6. Nh4 Bg4 7. Qc2 e6 8. h3 Bh5 9. g4 Bg6 10. Nxg6 hxg6 11. Bg2 Nbd7 12. O-O Bd6 13. e4 Nxg4 14. e5 Ndxe5 15. dxe5 Nxe5 16. cxd5 cxd5 17. Re1 Kf8 18. Nf1 Rc8 19. Qb3 b5 20. a4 b4 21. Bf4 Nc4 22. Bxd6+ Qxd6 23. Ne3 a5 24. Nxc4 dxc4 25. Rad1 Qc5 26. Qf3 Rh5 27. Rd7 Rf5 28. Qg3 Kg8 29. h4 c3 30. bxc3 Qxc3 31. Re3 Qa1+ 32. Kh2 Qxa4 33. Red3 Qc2 34. Rd8+ Kh7 35. Rxc8 Qxc8 36. Be4 Rc5 37. Rf3 f5 38. Bb1 Qc7 39.
Qxc7 Rxc7 40. Re3 Rc6 41. Re5 Ra6 42. Bd3 Rd6 43. Bc4 a4 44. Bxe6 b3 45. Bf7 Rb6 46. Re8 b2 47. Bg8+ Kh6 48. Bf7 Kh7 49. Bg8+ Kh6 50.
Bf7 Kh7 51. Bg8+ Kh6 52. Bf7 Kh7 53. Bg8+ Kh6 54. Bf7 1/2-1/2

[Event "*** Titled Tuesday 3|2 Blitz"]
[Site "Chess.com"]
[Date "2017.03.07"]
[Round "2"]
[White "LuckyTiger"]
[Black "Smirnov_Pavel"]
[Result "0-1"]
[WhiteElo "2495"]
[BlackElo "2648"]
[TimeControl "180+2"]
[EndTime "13:23:10 PST"]
[Termination "Smirnov_Pavel won by resignation"]

1. e4 c5 2. c3 Nf6 3. e5 Nd5 4. Nf3 d6 5. Bb5+ Bd7 6. Bc4 Nb6 7. Bb3 c4 8. Bc2 Nc6 9. exd6 e5 10. d3 cxd3 11.
Qxd3 Be6 12. Bb3 Bxb3 13. axb3 Qxd6 14. Qxd6 Bxd6 15. Ke2 O-O 16. Rd1 Rfd8 17. Be3 Nc8 18. b4 b5 19. Ra6 N8e7 20. Na3 Rab8 21. Ng5 Bc7 22. Rxd8+ Bxd8 23. Ne4 f5 24. Nd6 f4 25. Bc5 Bb6 26. Naxb5 Bxc5 27. bxc5 g5 28. b4 Kf8 29.
Kf3 h5 30. h3 Rd8 31. Ke4 g4 32. hxg4 hxg4 33. Nxa7 Ra8 34. Rxc6 Rxa7 35. Rb6 Ra2 36. Kxe5 Re2+ 37. Ne4 g3 38. Rf6+ Ke8 39. fxg3 fxg3 40. b5 Rxg2 41. c6 Re2 42. Rf3 g2 43. Rg3 Kd8 44.
Kd4 Nf5+ 45. Kd3 Nxg3 46. Nxg3 Re6 0-1

[Event "*** Titled Tuesday 3|2 Blitz"]
[Site "Chess.com"]
[Date "2017.03.07"]
[Round "2"]
[White "tjallkompall"]
[Black "jcibarra"]
[Result "1/2-1/2"]
[WhiteElo "2480"]
[BlackElo "2660"]
[TimeControl "180+2"]
[EndTime "13:23:13 PST"]
[Termination "Game drawn by agreement"]

1. c4 e6 2. Nc3 d5 3. e3 c6 4. Nf3 f5 5. b3 Nf6 6. Bb2 Bd6 7. Qc2 O-O 8. h3 Na6 9. g4 Nb4 10. Qb1 f4 11. a3 fxe3 12. dxe3 Na6 13. Bd3 Nc5 14. Bc2 a5 15. g5 Nfe4 16. Nxe4 dxe4 17. Bxe4 Nxe4 18. Qxe4 e5 19. Bxe5 Bxe5 20. Nxe5 Qxg5 21. O-O-O Rxf2 22. Nf3 Qf6 23. Qe8+ Qf8 24. Qxf8+ Kxf8 25. Ng5 Ke7 26. Rhf1 Rxf1 27. Rxf1 h6 28. Ne4 Bxh3 29. Rg1 Bf5 30. Nc5 g5 31. e4 Bg6 32. Nxb7 Rf8 33. Nxa5 Kd6 34. b4 Bxe4 35. Rd1+ Ke5 36. Re1 Kd4 37. Kd2 Rf2+ 38. Re2 Rf3 39.
b5 cxb5 40. cxb5 Rxa3 41. Nc6+ Kd5 42. Ke1 Rb3 43. Rd2+ Bd3 44. Rxd3+ Rxd3 45. Nb4+ Kc4 46. Nxd3 Kxb5 47. Ne5 Kc5 48. Nf7 g4 1/2-1/2

[Event "*** Titled Tuesday 3|2 Blitz"]
[Site "Chess.com"]
[Date "2017.03.07"]
[Round "2"]
[White "PlotnikovPavel"]
[Black "Aygehovit1992"]
[Result "1-0"]
[WhiteElo "2313"]
[BlackElo "2454"]
[TimeControl "180+2"]
[EndTime "13:23:18 PST"]
[Termination "PlotnikovPavel won by resignation"]

1. d4 d6 2. Nf3 g6 3. e4 Bg7 4.
Nc3 Nf6 5. Bg5 c6 6. Qd2 b5 7. a3 O-O 8. h4 Bg4 9. Be2 Bxf3 10. Bxf3 e5 11. h5 exd4 12. Qxd4 Re8 13. O-O-O Nbd7 14. Qxd6 Ne5 15. hxg6 hxg6 16. Qxd8 Raxd8 17. Be2 Rxd1+ 18.
Rxd1 Ned7 19. f4 Nxe4 20. Nxe4 Rxe4 21. Bf3 Rd4 22. Bxc6 Rxd1+ 23. Kxd1 Nc5 24. b3 a6 25. Bh4 Bb2 26. a4 bxa4 27. bxa4 Ne6 28. g3 Bd4 29.
Kd2 Bf2 30. Ke2 Bb6 31. c3 Kf8 32. Bd5 Nc5 33. Bc6 Ba5 34. Bf6 Ne6 35. Kd3 Bb6 36. Ke4 Bf2 37. g4 Bg3 38. f5 gxf5+ 39. gxf5 Nc7 40. Bd8 a5 41. Bb5 Bd6 42. c4 Bh2 43. c5 Bg3 44. Kd4 Bf2+ 45. Kc4 Bg3 46. Bd7 Bh2 47.
c6 Bd6 48. Bf6 Kg8 49. Bc3 Kf8 50. f6 Ne8 51. Bxe8 Kxe8 52. Bxa5 Bf4 53. Kd5 Be3 54. Bc7 Bg5 55. a5 Bxf6 56. a6 1-0

[Event "*** Titled Tuesday 3|2 Blitz"]
[Site "Chess.com"]
[Date "2017.03.07"]
[Round "2"]
[White "SantoBlue"]
[Black "JaimeSantosLatasa"]
[Result "0-1"]
[WhiteElo "2379"]
[BlackElo "2602"]
[TimeControl "180+2"]
[EndTime "13:23:21 PST"]
[Termination "JaimeSantosLatasa won by resignation"]

1. e4 e5 2. Nf3 Nc6 3. Bb5 a6 4.
Ba4 Nf6 5. O-O Be7 6. Re1 b5 7. Bb3 d6 8. c3 O-O 9. h3 Na5 10. Bc2 c5 11. d4 Nd7 12. Nbd2 exd4 13. cxd4 Nc6 14. d5 Nce5 15. a4 Bb7 16. Nh2 Ng6 17.
Ndf1 Bg5 18. Ne3 c4 19. g3 Nc5 20. h4 Bf6 21. h5 Ne5 22. Nhg4 Ncd3 23. Rf1 Nxc1 24. Nxf6+ Qxf6 25. Rxc1 Rfe8 26. Kg2 Bc8 27. f4 Nd3 28. Bxd3 cxd3 29. Qxd3 Qxb2+ 30. Kf3 bxa4 31.
Rc7 Qh2 32. f5 a5 33. Rc6 Rb8 34. Rfc1 Bd7 35. Rxd6 Rb3 36. Rc3 Bb5 37. Qc2 Qxh5+ 38. Kf4 g5+ 39. fxg6 Qe5+ 40. Kg4 Rxc3 41. gxf7+ Kxf7 42. Qf2+ Kg8 43. Nf5 Qxe4+ 44. Kg5 Rf3 45. Nh6+ Kg7 46.
Qa7+ Qe7+ 47. Qxe7+ Rxe7 48. Rb6 Rxg3+ 49. Kf4 Bd3 50. Kxg3 a3 51. Rb3 a2 52. Ra3 Kxh6 53.
Rxa2 Ra7 54. Kf4 Bc4 55. Rh2+ Kg7 56. Ke5 a4 57. Rg2+ Kf8 58. Rf2+ Ke8 59. Rg2 a3 60. Ke6 Bxd5+ 61. Kxd5 a2 62. Ke6 Ra6+ 0-1

[Event "*** Titled Tuesday 3|2 Blitz"]
[Site "Chess.com"]
[Date "2017.03.07"]
[Round "2"]
[White "A-Fier"]
[Black "TenisMaster"]
[Result "1-0"]
[WhiteElo "2522"]
[BlackElo "2595"]
[TimeControl "180+2"]
[EndTime "13:23:26 PST"]
[Termination "A-Fier won by resignation"]

1. d4 Nf6 2. c4 e6 3. Nc3 Bb4 4.
e3 O-O 5. Ne2 d5 6. a3 Be7 7.
cxd5 exd5 8. Nf4 Re8 9. Bd3 c6 10. O-O Nbd7 11. Bc2 Nf8 12. f3 Ne6 13. e4 g6 14. e5 Nxf4 15. Bxf4 Nh5 16. Be3 Ng7 17. g4 f5 18. exf6 Bxf6 19. Qd2 Bd7 20. Rae1 Bh4 21.
Re2 Qf6 22. h3 Re7 23. Bf4 Rxe2 24. Nxe2 Re8 25. Be5 Qf7 26. Kg2 Bf6 27. f4 c5 28.
Bxf6 Qxf6 29. dxc5 Qxb2 30. Qxd5+ Be6 31. Qd3 Bf7 32. Rb1 Qa2 33. Nc3 Qe6 34. Rxb7 Qc6+ 35. Qf3 Qxc5 36. Bb3 Bxb3 37. Rxb3 Ne6 38. Ne4 Qd4 39.
Re3 Rf8 40. f5 gxf5 41. gxf5 Kh8 42. Kh2 Qe5+ 43. Ng3 Qf4 44. Qxf4 Nxf4 45. Re7 h5 46. h4 Rc8 47. Ne4 Rf8 48. f6 Nd5 49. Re6 Kh7 50. Rd6 Nf4 51. Ng5+ Kg6 52. f7+ Kf5 53. Kg3 Ng6 54.
Rd5+ Ne5 55. Ra5 Rb8 56. Nh7 Rb3+ 57. Kf2 Rb2+ 58. Ke1 1-0

[Event "*** Titled Tuesday 3|2 Blitz"]
[Site "Chess.com"]
[Date "2017.03.07"]
[Round "2"]
[White "hsskoo"]
[Black "Shivagami"]
[Result "0-1"]
[WhiteElo "1923"]
[BlackElo "1961"]
[TimeControl "180+2"]
[EndTime "13:23:28 PST"]
[Termination "Shivagami won on time"]

1. e4 e5 2. Nf3 Nc6 3. d4 exd4 4.
Bc4 Nf6 5. Ng5 Ne5 6. Qxd4 Nxc4 7. Qxc4 d5 8. exd5 Nxd5 9. Nc3 Qe7+ 10. Nce4 Qb4+ 11.
Nd2 Qxc4 12. Nxc4 f6 13. Nf3 Bf5 14. c3 O-O-O 15. O-O g5 16. Re1 h5 17. Nd4 Bd3 18.
Ne3 Nf4 19. g3 Ng6 20. Ne6 Re8 21. Nxf8 Rhxf8 22. Bd2 Ne5 23. Kg2 Be4+ 24. Kf1 f5 25. Rad1 f4 26. Ng2 Bd3+ 27. Kg1 Nf3+ 28. Kh1 Nxe1 29.
Bxe1 Be2 30. Rc1 Bf3 31. Kg1 Re2 32. c4 Rxb2 33. Bc3 Rxa2 34. Bb4 Re8 35. gxf4 gxf4 36. Nxf4 Rg8+ 37. Kf1 Rg5 38. Be7 Re5 0-1

[Event "*** Titled Tuesday 3|2 Blitz"]
[Site "Chess.com"]
[Date "2017.03.07"]
[Round "2"]
[White "jk13"]
[Black "GeorgMeier"]
[Result "0-1"]
[WhiteElo "2491"]
[BlackElo "2731"]
[TimeControl "180+2"]
[EndTime "13:23:31 PST"]
[Termination "GeorgMeier won by resignation"]

1. Nf3 e6 2. d4 Nf6 3. Bf4 b6 4.
e3 Be7 5. Bd3 Nh5 6. Bg3 Bb7 7.
Nbd2 d6 8. c3 Nd7 9. Qe2 a6 10.
a4 g6 11. e4 Kf8 12. Qe3 Kg7 13. O-O Nxg3 14. hxg3 h5 15. e5 dxe5 16. Nxe5 Nxe5 17. Qxe5+ Bf6 18. Qe3 h4 19. Be4 Bd5 20. Nf3 hxg3 21. fxg3 Bxe4 22. Qxe4 Qd5 23. Rae1 Qxe4 24. Rxe4 b5 25.
a5 Rad8 26. b4 Rd5 27. g4 Rf8 28. Kf2 Be7 29. Kg3 Bd6+ 30. Kf2 g5 31. Rh1 Rh8 32. Rh3 Rh6 33. Ke3 Rf6 34. Rh5 Kg6 35.
Kf2 Rf4 36. Rxf4 Bxf4 37. Rh8 f6 38. Re8 Rd6 39. Ra8 Rc6 40. Ke2 Rxc3 41. Rxa6 Re3+ 42. Kd1 Rb3 43. Rc6 Rxb4 44. Rxe6 Bd6 45. Re8 Ra4 46.
Ra8 Kf7 47. a6 Ke6 48. Kc2 Kd5 49. Kd3 Ra3+ 50. Ke2 Kc4 51. a7 b4 52. Kd2 Ra2+ 53. Kc1 Kc3 54. Kb1 b3 55. d5 Bf4 56. g3 Bxg3 57.
d6 Bxd6 58. Ne1 Bc5 59. Rc8 Rxa7 0-1

[Event "*** Titled Tuesday 3|2 Blitz"]
[Site "Chess.com"]
[Date "2017.03.07"]
[Round "2"]
[White "NTBT_DHS"]
[Black "VerdeNotte"]
[Result "0-1"]
[WhiteElo "2565"]
[BlackElo "2541"]
[TimeControl "180+2"]
[EndTime "13:23:35 PST"]
[Termination "VerdeNotte won by resignation"]

1. d4 Nf6 2. c4 g6 3. g3 Bg7 4.
Bg2 O-O 5. Nf3 d6 6. O-O Nc6 7. Nc3 Rb8 8. h3 a6 9. Be3 b6 10. Qd2 Re8 11. Rac1 e6 12. Bh6 Bh8 13. e4 e5 14. d5 Nd4 15. Nh2 Nh5 16. Ne2 c5 17.
dxc6 Nxe2+ 18. Qxe2 Qc7 19. Rfd1 Be6 20. Qd2 Red8 21.
Bg5 Bf6 22. Be3 Qxc6 23. g4 Ng7 24. f4 exf4 25. Bxf4 Qc5+ 26. Kh1 Be5 27. Be3 Qc7 28. Nf3 h5 29. g5 Rd7 30. b3 Qb7 31. Bd4 Re8 32.
Qc3 Bxd4 33. Nxd4 Qc8 34. Rd2 Rde7 35. Rcd1 Bd7 36. Qg3 Qc5 37. Ne2 Re5 38. h4 Bg4 39. Re1 Bxe2 40. Rexe2 Ne6 41. Rd5 Qc7 42. Rxe5 dxe5 43.
Rd2 Nf4 44. Bf3 Rd8 45. Qe1 Ne6 46. Qd1 Rxd2 47. Qxd2 Nd4 48. Bg2 Qd7 49. Qd1 a5 50.
a3 Qd6 51. a4 Qb4 52. Qf1 Qxb3 53. Qf6 Qd1+ 54. Kh2 Qe1 55. Qxe5 Qxh4+ 56. Kg1 Qe1+ 57. Kh2 Ne2 58. Qe8+ Kg7 59. Qe5+ Kh7 60. Kh3 Qf2 61. Qf6 Nf4+ 0-1

[Event "*** Titled Tuesday 3|2 Blitz"]
[Site "Chess.com"]
[Date "2017.03.07"]
[Round "2"]
[White "TheCount"]
[Black "PaulfromSPb"]
[Result "1-0"]
[WhiteElo "2574"]
[BlackElo "2538"]
[TimeControl "180+2"]
[EndTime "13:23:36 PST"]
[Termination "TheCount won by resignation"]

1. Nf3 Nf6 2. c4 e6 3. Nc3 Bb4 4. Qb3 c5 5. a3 Bxc3 6. Qxc3 b6 7.
b3 d5 8. cxd5 exd5 9. d4 Ne4 10.
Qd3 Bf5 11. Ne5 O-O 12. g4 Be6 13. Bg2 Nd7 14. Nxd7 Qxd7 15. h3 Rfe8 16. Bb2 f5 17. dxc5 bxc5 18. Rd1 d4 19. O-O Qf7 20. gxf5 Bxf5 21.
Qf3 Rad8 22. b4 Ng5 23. Qg3 Ne4 24. Qf4 cxb4 25. axb4 Nc3 26. Bxc3 dxc3 27. Rc1 Rc8 28. e4 Bxe4 29. Qxf7+ Kxf7 30. Rfe1 Bg6 31. Bd5+ Kf8 32. Rxe8+ Kxe8 33. Kf1 c2 34. Ke2 Rb8 35. b5 Ke7 36. Bc6 Kd6 37. Kd2 Kc5 38. Re1 Rd8+ 39. Kc1 a5 40. Be4 Re8 41. f3 Bxe4 42. fxe4 Kxb5 43. Kxc2 Kc4 44. Ra1 Re5 45. Ra4+ Kb5 46. Rd4 Rh5 47.
Rd7 g6 48. e5 Rxh3 49. e6 Kc6 50. Rg7 Kd6 51. e7 Kd7 52. Kd2 a4 53. Kc2 a3 54.
Kb1 Ke8 55. Ka2 Kd7 56. Kb1 Rh2 57. Ka1 Ke8 58. Kb1 Re2 59. Rxh7 Rxe7 60. Rh3 Ra7 61. Ka2 g5 62. Rh8+ Kf7 63. Rh7+ Kf6 64. Rxa7 g4 65. Ra5 g3 66. Rxa3 g2 67. Rg3 1-0

[Event "*** Titled Tuesday 3|2 Blitz"]
[Site "Chess.com"]
[Date "2017.03.07"]
[Round "2"]
[White "Gordima"]
[Black "daro94"]
[Result "0-1"]
[WhiteElo "2475"]
[BlackElo "2687"]
[TimeControl "180+2"]
[EndTime "13:23:38 PST"]
[Termination "daro94 won by resignation"]

1. Nf3 Nf6 2. c4 g6 3. Nc3 d5 4. cxd5 Nxd5 5. h4 Bg7 6. e4 Nxc3 7. dxc3 Qxd1+ 8. Kxd1 Nd7 9. Bf4 Nc5 10. Nd2 e5 11. Be3 Ne6 12. h5 Bd7 13. g3 O-O-O 14. Bh3 b6 15. a4 a5 16. Kc2 Rhf8 17. hxg6 hxg6 18. f4 f5 19. exf5 gxf5 20. Bg2 Rh8 21. Nc4 Rxh1 22. Bxh1 exf4 23. gxf4 Rh8 24. Kb3 Bf8 25. Ne5 Bc5 26. Bd2 Rh2 27. Rd1 Bd6 28. Nxd7 Kxd7 29. Be3 Ke7 30.
Bc6 Re2 31. Bc1 Kf6 32. Rh1 Bxf4 33. Bxf4 Nxf4 34. Rh7 Ne6 35. Ka3 f4 36. Rh6+ Kg5 37. Rh7 Kg4 38. Rf7 Re3 39. Bd7 Kg5 40. Bc6 Re5 41.
Re7 Kf6 42. Rh7 Rf5 43. Rh2 f3 44. Rf2 Ng5 45. b4 Ke5 46. bxa5 bxa5 47. Kb3 Kf4 48. Rf1 Ke3 49. Bb5 f2 50. Rd1 Ne4 51. Rd3+ Kf4 52.
Rd1 Ng3 53. Kc4 f1=Q+ 0-1

[Event "*** Titled Tuesday 3|2 Blitz"]
[Site "Chess.com"]
[Date "2017.03.07"]
[Round "2"]
[White "StellarChessPro"]
[Black "capatl"]
[Result "1/2-1/2"]
[WhiteElo "2353"]
[BlackElo "2341"]
[TimeControl "180+2"]
[EndTime "13:23:39 PST"]
[Termination "Game drawn by agreement"]

1. d4 d5 2. Nf3 Nf6 3. Bf4 e6 4. e3 Be7 5. Bd3 O-O 6. Nbd2 b6 7. Qe2 Bb7 8. Ne5 c5 9. c3 Nbd7 10. O-O Nxe5 11. Bxe5 Nd7 12. Bg3 f5 13. Nf3 Bf6 14. a4 a6 15. Rfc1 Qe7 16. h3 g6 17. Rab1 e5 18.
dxe5 Nxe5 19. Nxe5 Bxe5 20. Bxe5 Qxe5 21. c4 Rad8 22.
cxd5 Bxd5 23. Bxa6 Qe4 24. f3 Qxa4 25. Bc4 Bxc4 26.
Rxc4 Qb5 27. Qc2 Rfe8 28. b4 cxb4 29. Rcxb4 Qc5 30. Qb3+ Kg7 31. Rb5 Qxe3+ 32. Qxe3 Rxe3 33. Rxb6 Rd2 34. R6b2 Ree2 35. Rxd2 Rxd2 36. Re1 Kf6 37. Kh2 Kg5 38. Re7 h6 39. Re6 f4 40.
h4+ Kh5 41. Kh3 Rd1 42. Kh2 Rd5 43. Kh3 Rd1 44. Kh2 g5 45. Rf6 Rd4 46. Ra6 Rd2 47. hxg5 hxg5 48. Rf6 Rd1 49. Ra6 Rb1 50. Ra8 Rd1 51.
Rh8+ Kg6 52. Ra8 Kh5 53. Rb8 Re1 54. Rb6 Rd1 55. Rb8 Rc1 56. Rg8 Re1 57. Rh8+ Kg6 58.
Rh3 Re7 59. Kg1 Re2 60. Kh2 Kf5 61. Rh8 Re6 62. Kh3 Re2 63. Rf8+ Kg6 64. Rg8+ Kh5 65. Rh8+ Kg6 66. Ra8 Kh5 67. Ra7 Re1 68. Kh2 Re6 69. Rf7 Re1 70. Rf8 Re2 71. Rh8+ Kg6 72. Kh3 Kg7 73.
Rh5 Kg6 74. Rh8 Rd2 75. Ra8 Kh5 76. Rg8 Rc2 1/2-1/2

[Event "*** Titled Tuesday 3|2 Blitz"]
[Site "Chess.com"]
[Date "2017.03.07"]
[Round "2"]
[White "Generalas"]
[Black "Grootneus"]
[Result "1-0"]
[WhiteElo "2187"]
[BlackElo "2143"]
[TimeControl "180+2"]
[EndTime "13:23:41 PST"]
[Termination "Generalas won by resignation"]

1. e4 d6 2. d4 g6 3. Nc3 a6 4. h4 Bg7 5. h5 b5 6. h6 Bf8 7. a4 b4 8. Nd5 e6 9. Nxb4 d5 10. Nd3 dxe4 11. Ne5 c5 12. Be3 Bd6 13. Nc4 Be7 14. dxc5 Qxd1+ 15. Rxd1 Nc6 16. Nd6+ Bxd6 17. cxd6 Nf6 18. Bg5 Nd7 19. Rh4 Rb8 20. b3 Nb4 21. Rxe4 Nxc2+ 22. Kd2 Na3 23. b4 a5 24. b5 Nb6 25.
Ra1 f5 26. Rh4 Nxa4 27. Rxa4 Nxb5 28. Rxa5 Nxd6 29. Bf4 Rb2+ 30. Kc3 Rb6 31. Ra8 O-O 32. Nf3 Ne4+ 33. Kd4 Rb4+ 34. Bc4 Rd8+ 35. Ke3 Rxc4 36. Be5 Kf7 37. R1a7+ Rd7 38. Rxc8 Rxa7 39. Rxc4 Ra8 40. Rc7+ Kf8 41. Rxh7 Ra3+ 42. Kf4 Nxf2 43. Ng5 Nd3+ 44. Ke3 Nxe5+ 45. Kd4 Ng4 46. Rh8+ Ke7 47. h7 Kf6 48. Rf8+ Kxg5 49. h8=Q Ra4+ 50. Kc5 Ra2 51. Re8 Rxg2 52.
Rxe6 Rd2 53. Rd6 Re2 54. Qd8+ Kf4 55. Rd4+ Kg3 56. Qg5 Re5+ 57. Kd6 Ra5 58. Rd3+ Kf2 59. Qd2+ Kf1 60. Qxa5 1-0

[Event "*** Titled Tuesday 3|2 Blitz"]
[Site "Chess.com"]
[Date "2017.03.07"]
[Round "2"]
[White "Danhy"]
[Black "MateusViageiro"]
[Result "1-0"]
[WhiteElo "2345"]
[BlackElo "2222"]
[TimeControl "180+2"]
[EndTime "13:23:42 PST"]
[Termination "Danhy won by resignation"]

1. c4 Nf6 2. g3 g6 3. Bg2 Bg7 4. Nc3 O-O 5. e4 d6 6. d3 c5 7. Nge2 Nc6 8. O-O e5 9. h3 Nd4 10. Be3 a6 11. Rb1 Rb8 12. b4 Bd7 13. b5 axb5 14. Bxd4 cxd4 15. Nxb5 Ne8 16. Qd2 Bc6 17.
Rb2 f5 18. f3 Ra8 19. Rfb1 fxe4 20. fxe4 Qa5 21. Qc2 Bh6 22. Nc1 Be3+ 23. Kh2 Qe1 24. Nb3 Qf2 25. Qd1 Qf7 26. Nd2 Bxb5 27. Rxb5 Rxa2 28.
Rxb7 Qf2 29. R7b2 Rxb2 30. Rxb2 Qf6 31. Nf1 Bh6 32. Qg4 Qe7 33. Rb6 Nf6 34. Qe2 Qc7 35. Rb5 Rb8 36. Qb2 Rxb5 37. cxb5 Qb6 38. Qb3+ Kf8 39. Bf3 Ke7 40. Kg2 Nd7 41. Bg4 Nf6 42. Qe6+ Kd8 43. Qxf6+ Kc7 44. Qe7+ Kb8 45. Qe8+ Ka7 46.
Qd7+ Kb8 47. Qc6 Qxc6 48. bxc6 Kc7 49. Bd7 Bc1 50. Kf3 h6 51. g4 g5 52. Ng3 1-0

[Event "*** Titled Tuesday 3|2 Blitz"]
[Site "Chess.com"]
[Date "2017.03.07"]
[Round "2"]
[White "pedroholly22"]
[Black "danyuffa"]
[Result "0-1"]
[WhiteElo "2279"]
[BlackElo "2531"]
[TimeControl "180+2"]
[EndTime "13:23:54 PST"]
[Termination "danyuffa won by checkmate"]

1. d4 Nf6 2. c4 e6 3. Nf3 Bb4+ 4.
Bd2 Qe7 5. g3 Bxd2+ 6. Qxd2 Nc6 7. Bg2 Ne4 8. Qc2 Qb4+ 9. Nc3 Nxc3 10. Qxc3 Qxc3+ 11. bxc3 Rb8 12. Nd2 b6 13. e4 Na5 14.
Rb1 Ba6 15. c5 Ke7 16. cxb6 cxb6 17. Nb3 Nc4 18. Bf1 Rhc8 19. Rc1 Bb7 20. f3 d5 21. e5 Rc7 22. Bxc4 Rxc4 23. Nd2 Ra4 24. Rc2 Rc8 25. Kd1 Ba6 26. Nb3 Bd3 27. Rb2 Rac4 28.
Kd2 Bg6 29. Rc1 Ra4 30. Ke3 f6 31. f4 fxe5 32. fxe5 Ra3 33. Kd2 Rf8 34. Ke3 Bh5 35. Nd2 Rc8 36. Nb3 Bg6 37. Kd2 Rc4 38. Ke3 Rca4 39.
Ra1 Kd7 40. Kd2 Kc7 41. Nc1 Rc4 42. Rb3 Raa4 43. a3 Kb7 44. Rb4 Rcxb4 45. cxb4 a5 46.
bxa5 Rxd4+ 47. Ke2 Re4+ 48. Kd2 Rxe5 49. axb6 Kxb6 50.
Ra2 d4 51. Ne2 Rd5 52. Rb2+ Kc5 53. Rb8 e5 54. Rc8+ Kb6 55. Rb8+ Kc7 56. Ra8 e4 57.
Ra4 e3+ 58. Ke1 d3 59. Nf4 d2+ 60. Kd1 Bc2+ 61. Kxc2 d1=Q+ 62. Kc3 Rc5+ 63. Kb4 Qd4+ 64. Kb3 Rc3+ 65. Kb2 Qd2+ 66. Kb1 Rc1# 0-1